Cogmind - Beta 13 @@@ ROGUE MODE // 2024.04.20 @ 20:44:28 Player: Gabe+Kate4EVR Result: Destroyed by G-47 Trooper with Particle Gun Performance ------------- Evolutions (3) 1500 Regions Visited (4) 800 Robots Destroyed (95) 475 Value Destroyed (2981) 2981 Prototype IDs (3) 60 Alien Tech Used (0) 0 Bonus (462) 462 TOTAL SCORE: 6278 Bonus ------- High Alert Combat Kills 462 Cogmind --------- Core Integrity 0/700 Matter 261/300 Energy 100/100 System Corruption 22% Temperature Cool (9) Movement Treading (160) Location -7/Factory Parts ------- > --- POWER (1) -------- (None) > --- PROPULSION (4) --- Medium Treads > --- UTILITY (4) ------ Target Analyzer Core Analyzer > --- WEAPON (4) ------- Flak Gun Mace > --- INVENTORY (5) ---- Deuterium Engine Improved Deuterium Engine Micro Nuclear Core Graphene Brace Improved Datajack Peak State ------------ > --- POWER ------------ Micro Nuclear Core > --- PROPULSION ------- Aluminum Leg Gravmag System Xenon Bombardment Thruster Xenon Bombardment Thruster > --- UTILITY ---------- Improved Heat Sink Improved Cooling System Coolant Injector Target Analyzer > --- WEAPON ----------- Shock Rifle Gatling Laser Enhanced Autogun Flak Gun > --- INVENTORY -------- Micro Nuclear Core Pulse Rifle Minigun Minigun Improved Datajack [Rating: 47] Favorites ----------- Power Micro Nuclear Core Engine Cooled Ion Engine Power Core Micro Nuclear Core Propulsion Aluminum Leg Treads Armored Treads Leg Aluminum Leg Wheel Wheel Hover Unit Gravmag System Flight Unit Xenon Bombardment Thruster Utility Small Storage Unit Device Coolant Injector Storage Small Storage Unit Processor Target Analyzer Protection Light Armor Plating Weapon Flak Gun Energy Gun Gatling Laser Ballistic Gun Flak Gun Ballistic Cannon Assault Cannon Impact Weapon Maul Build | -11 -10 -9 -8 -7 ------- Run | Yrd Mat Mat Mat Fac Slots Evolved 6 | . . 2 2 2 Power . | . . . . . Propulsion 2 | . . 2 . . Utility 2 | . . . 2 . Weapon 2 | . . . . 2 Parts Attached 118 | 6 5 15 28 64 Power 14 | 1 1 3 4 5 Engine 10 | 1 1 3 2 3 Core 4 | . . . 2 2 Reactor . | . . . . . Propulsion 35 | 2 2 5 6 20 Treads 3 | . . . 1 2 Leg 23 | 2 2 5 5 9 Wheel 6 | . . . . 6 Hover 1 | . . . . 1 Flight 2 | . . . . 2 Utility 30 | 1 1 1 11 16 Device 15 | . . . 7 8 Storage 4 | 1 1 . . 2 Processor 5 | . . 1 1 3 Hackware . | . . . . . Protection 6 | . . . 3 3 Artifact . | . . . . . Weapon 39 | 2 1 6 7 23 Energy Gun 7 | . . . . 7 Energy Cannon . | . . . . . Ballistic Gun 28 | 2 1 6 6 13 Ballistic Cannon 2 | . . . 1 1 Launcher . | . . . . . Special Weapon . | . . . . . Impact Weapon 2 | . . . . 2 Slashing Weapon . | . . . . . Piercing Weapon . | . . . . . Special Melee Weapon . | . . . . . Unidentified Prototypes 3 | . . 2 1 . Parts Lost 41 | . . 3 5 33 Power 5 | . . 1 1 3 Propulsion 12 | . . 1 2 9 Utility 10 | . . . 2 8 Weapon 14 | . . 1 . 13 Highest Loss Streak 9 | . . 2 4 9 To Critical Strikes 2 | . . . . 2 Average Slot Usage (%) 84 | . 88 98 92 77 Engine 5 | . 14 10 6 3 Core 2 | . . . 2 3 Treads 1 | . . . 1 1 Leg 20 | . 28 43 29 9 Wheel 3 | . . . . 5 Device 9 | . . . 9 13 Storage 6 | . 16 16 9 . Processor 9 | . . 5 11 10 Protection 1 | . . . 4 1 Energy Gun 5 | . . . . 9 Ballistic Gun 17 | . 28 21 14 15 Naked Turns 1 | . . . . 1 Heaviest Build 39 | 13 13 19 25 39 Greatest Support 69 | 20 20 40 45 69 Greatest Overweight (x) 7 | 1 . . 1 7 Average Overweight (x) . | . . . . . Largest Inventory Capacity 8 | 8 8 8 8 8 Average Capacity 6 | 7 8 8 8 5 Most Carried 8 | 2 8 8 8 8 Average Carried 6 | 1 5 7 7 5 Final Capacity 8 | 8 8 8 8 5 Final Carried 8 | 2 8 8 8 5 Class Distribution -------------------- 28% | Scavenger-Gunner 28% | Scavenger-Mutant 22% | Gunner 21% | Mutant Dominant Class ---------------- Mutant | -10/Materials Scavenger-Mutant | -9/Materials Scavenger-Mutant | -8/Materials Scavenger-Gunner | -7/Factory Resources | -11 -10 -9 -8 -7 ----------- Run | Yrd Mat Mat Mat Fac Matter Collected 2862 | 192 172 372 371 1755 Remotely 19 | . . . 19 . Salvage Created 3459 | . 175 311 523 2450 Parts 207 | . 21 15 38 133 Haulers Intercepted 3 | . . 1 . 2 Recyclers Shooed 4 | . 1 1 . 2 Parts Field Recycled . | . . . . . Retrieved Matter . | . . . . . Parts Self-Destructed . | . . . . . Prevented . | . . . . . Kills | -11 -10 -9 -8 -7 ------- Run | Yrd Mat Mat Mat Fac Combat Hostiles Destroyed 68 | . 6 4 13 45 Melee 2 | . . . . 2 Guns 64 | . 6 4 12 42 Cannons 2 | . . . 1 1 Classes Destroyed 16 | . 3 5 2 6 Worker 9 | . 1 1 . 7 Builder 7 | . . . . 7 Tunneler 4 | . . 1 1 2 Hauler 3 | . . 1 . 2 Recycler 4 | . . 1 . 3 Mechanic 1 | . . . . 1 Operator 1 | . . 1 . . Watcher 1 | . . . . 1 Swarmer 11 | . 3 . 3 5 Grunt 33 | . 3 3 2 25 Brawler 3 | . . . . 3 Duelist 1 | . . . . 1 Sentry 9 | . . 1 4 4 Hunter 3 | . . . 3 . Programmer 6 | . . . . 6 Heavy 2 | . . . 1 1 Best Kill Streak 9 | . 3 3 3 9 Combat Bots Only 7 | . 2 1 3 7 Max Kills in Single Turn 2 | . 2 1 2 2 Gunslinging 1 | . 1 . 1 . Exploded . | . . . . . Melee 1 | . . . . 1 Uniques/NPCs Destroyed . | . . . . . Combat | -11 -10 -9 -8 -7 -------- Run | Yrd Mat Mat Mat Fac Hostile Shots Fired 602 | . 42 53 96 411 Missed 183 | . 14 17 24 128 Damage Taken 6585 | . 289 480 1336 4480 Core 952 | . 74 60 110 708 Absorbed by Shields . | . . . . . Redirected to Shielding 204 | . . . . 204 Core Remaining (%) 83 | 100 70 85 80 . Volleys Fired 271 | . 33 50 47 141 Largest 4 | . 2 2 2 4 Hottest 233 | . 40 46 69 233 Shots Fired 580 | . 66 87 94 333 Gun 551 | . 66 87 72 326 Cannon 29 | . . . 22 7 Launcher . | . . . . . Special . | . . . . . Kinetic 457 | . 66 87 94 210 Thermal 90 | . . . . 90 Explosive . | . . . . . Electromagnetic 33 | . . . . 33 Robot Hit Streak 17 | . 8 16 17 17 Robot Miss Streak 10 | . 4 4 7 10 Penetration Max . | . . . . . Secondary Targets 9 | . 1 . 1 7 Max Gunslinging Chain 1 | . 1 . 1 1 Shots Hit Robots 406 | . 41 60 55 250 Core Hits 319 | . 15 19 41 244 Critical Kills . | . . . . . Critical Parts Destroyed 2 | . . 1 . 1 Critical Strikes 5 | . . 2 . 3 Burn 1 | . . . . 1 Destroy 2 | . . 2 . . Corrupt 1 | . . . . 1 Smash 1 | . . . . 1 Melee Attacks 4 | . . . . 4 Impact 4 | . . . . 4 Slashing . | . . . . . Piercing . | . . . . . Sneak Attacks . | . . . . . Combat Hostiles . | . . . . . Follow-up Attacks . | . . . . . Damage Inflicted 6875 | . 422 689 1001 4763 Guns 6465 | . 417 689 828 4531 Cannons 286 | . . . 167 119 Explosions . | . . . . . Melee 90 | . . . . 90 Ramming 34 | . 5 . 6 23 Kinetic 4901 | . 417 689 995 2800 Thermal 1587 | . . . . 1587 Explosive . | . . . . . Electromagnetic 263 | . . . . 263 Impact 90 | . . . . 90 Slashing . | . . . . . Piercing . | . . . . . Highest Corruption 22 | . . . . 22 Average Corruption 14 | . . . . 14 Corruption Purged . | . . . . . Corruption Blocked . | . . . . . Effects 108 | . . . . 108 Message Errors 18 | . . . . 18 Matter Fused 27 | . . . . 27 Heat Flow Errors 11 | . . . . 11 Energy Discharges 10 | . . . . 10 Parts Rejected 5 | . . . . 5 Parts Fused 2 | . . . . 2 Data Loss (minor) 15 | . . . . 15 Data Loss (major) 5 | . . . . 5 Misfires 3 | . . . . 3 Alerts 3 | . . . . 3 Misdirections 1 | . . . . 1 Weapon Failures 8 | . . . . 8 Overload Shots . | . . . . . Overflow Damage 16 | . . . . 16 Projectiles . | . . . . . Explosions . | . . . . . Melee 16 | . . . . 16 Knockbacks 2 | . . . 1 1 Impact . | . . . . . Kinetic 2 | . . . 1 1 Secondary . | . . . . . Self-Inflicted Damage . | . . . . . Shots . | . . . . . Rammed 12 | . . . 2 10 Targets Rammed 16 | . 2 . 2 12 Kicked 3 | . 2 . . 1 Crushed 1 | . . . . 1 Highest Temperature 374 | . 18 4 22 374 Average Temperature 86 | . 9 2 6 97 Received Heat Transfer 2304 | . 132 177 234 1761 Effects 3 | . . . . 3 Energy Bleed 1 | . . . . 1 Interference 2 | . . . . 2 Siege Activations . | . . . . . Robots Corrupted . | . . . . . Combat Hostiles . | . . . . . Parts Fried . | . . . . . Impact Corruptions 2 | . . . . 2 Robots Melted . | . . . . . Combat Hostiles . | . . . . . Parts Melted 6 | . . . . 6 Heat Transferred 3590 | . . . . 3590 Parts Sabotaged . | . . . . . Parts Stolen . | . . . . . Parts Stripped . | . . . . . Power Chain Reactions . | . . . . . Alert | -11 -10 -9 -8 -7 ------- Run | Yrd Mat Mat Mat Fac Peak Influence 955 | . 205 139 225 955 Initial 86 | . . 86 18 . Average 196 | . 92 77 98 283 Maximum Alert Level 3 | . 1 . 1 3 Low Security (%) 71 | 100 88 100 92 52 Level 1 9 | . 11 . 7 12 Level 2 11 | . . . . 20 Level 3 7 | . . . . 14 Level 4 . | . . . . . Level 5 . | . . . . . High Security . | . . . . . Max Security . | . . . . . Squads Dispatched 21 | . 2 3 3 13 Investigation 5 | . . 1 2 2 Extermination 4 | . . . . 4 Reinforcement 7 | . 2 2 1 2 Assault 1 | . . . . 1 Garrison 4 | . . . . 4 Intercept . | . . . . . Searches Triggered . | . . . . . Construction Impeded . | . . . . . Haulers Reinforced . | . . . . . Active Scanning Responses . | . . . . . Cargo Convoy Interrupts . | . . . . . Stealth | -11 -10 -9 -8 -7 --------- Run | Yrd Mat Mat Mat Fac Distress Signals 9 | . 2 2 3 2 Communications Jammed . | . . . . . Distress Signals . | . . . . . Times Spotted 122 | . 14 15 24 69 Peak Tracking Total 6 | . 5 5 4 6 Tactical Retreats 10 | . 1 2 . 7 Traps | -11 -10 -9 -8 -7 ------- Run | Yrd Mat Mat Mat Fac Traps Triggered 5 | . . 3 1 1 Indirectly . | . . . . . Trap Hack Attempts . | . . . . . Triggered . | . . . . . Disarmed . | . . . . . Reprogrammed . | . . . . . Reused . | . . . . . Traps Extracted . | . . . . . Installed . | . . . . . Triggered 1 | . . . . 1 Machines | -11 -10 -9 -8 -7 ---------- Run | Yrd Mat Mat Mat Fac Machines Disabled . | . . . . . Max in Single Turn . | . . . . . Machines Repaired . | . . . . . Machines Dismantled . | . . . . . Machines Sabotaged . | . . . . . Overloaded Fab Kills . | . . . . . Hacking | -11 -10 -9 -8 -7 --------- Run | Yrd Mat Mat Mat Fac Machines Accessed 12 | . . 3 4 5 Terminals 5 | . . 1 2 2 Fabricators 1 | . . . . 1 Repair Stations 1 | . . . 1 . Recycling Units 1 | . . 1 . . Scanalyzers 4 | . . 1 1 2 Garrison Access . | . . . . . Total Hacks 28 | . . 6 12 10 Successful 11 | . . 3 4 4 Failed 17 | . . 3 8 6 Catastrophic 4 | . . 1 2 1 Database Lockouts . | . . . . . Manual 7 | . . 4 2 1 Terminals 9 | . . 3 4 2 Fabricators 4 | . . . . 4 Repair Stations 3 | . . . 3 . Recycling Units 1 | . . 1 . . Scanalyzers 11 | . . 2 5 4 Garrison Access . | . . . . . Terminal Hacks 2 | . . . 1 1 Open DSF 1 | . . . . 1 Unreport Threat 1 | . . . 1 . Fabricator Hacks 2 | . . . . 2 Load Schematic 1 | . . . . 1 Build 1 | . . . . 1 Repair Station Hacks 1 | . . . 1 . Scan Component 1 | . . . 1 . Recycling Unit Hacks . | . . . . . Scanalyzer 5 | . . 2 2 1 Insert Component 3 | . . 1 1 1 Analyze 2 | . . 1 1 . Garrison Access Hacks . | . . . . . Unauthorized Hacks 1 | . . 1 . . Terminals . | . . . . . Fabricators . | . . . . . Repair Stations . | . . . . . Recycling Units 1 | . . 1 . . Monitor 1 | . . 1 . . Scanalyzers . | . . . . . Garrison Access . | . . . . . Data Cores Recovered . | . . . . . Used . | . . . . . Hacking Detections 8 | . . 1 4 3 Full Trace Events 5 | . . . 3 2 Feedback Events . | . . . . . Feedback Blocked . | . . . . . Robot Schematics Acquired . | . . . . . Robots Built . | . . . . . Authchips . | . . . . . Time . | . . . . . Total Robot Build Rating . | . . . . . Part Schematics Acquired 2 | . . 1 1 . Parts Built 1 | . . . . 1 Authchips . | . . . . . Time 99 | . . . . 99 Total Part Build Rating 2 | . . . . 2 Parts Repaired . | . . . . . Time . | . . . . . Parts Recycled . | . . . . . Recycled Matter . | . . . . . Retrieved Matter . | . . . . . Retrieved Components . | . . . . . Parts Scanalyzed 3 | . . 1 1 1 Part Schematics Acquired 2 | . . 1 1 . Parts Damaged 1 | . . 1 . . Bothacking | -11 -10 -9 -8 -7 ------------ Run | Yrd Mat Mat Mat Fac Used RIF Installer . | . . . . . Robots Hacked . | . . . . . Non-combat . | . . . . . Combat . | . . . . . Robot Hacks Applied . | . . . . . Relay Couplers Released 1 | . . . . 1 Programmers 1 | . . . . 1 Fabnet Peak Effective % . | . . . . . Robots Rewired . | . . . . . Allies Hacked . | . . . . . Hacks Repelled . | . . . . . Allies | -11 -10 -9 -8 -7 -------- Run | Yrd Mat Mat Mat Fac Total Allies . | . . . . . Largest Group . | . . . . . Highest-Rated Group . | . . . . . Highest-Rated Ally . | . . . . . Total Orders . | . . . . . Ally Attacks . | . . . . . Total Damage . | . . . . . Kills . | . . . . . Allies Corrupted . | . . . . . Allies Melted . | . . . . . Intel | -11 -10 -9 -8 -7 ------- Run | Yrd Mat Mat Mat Fac Robot Analysis Total . | . . . . . Derelict Logs Recovered . | . . . . . Drone Launches . | . . . . . Drone Recoveries . | . . . . . Exploration | -11 -10 -9 -8 -7 ------------- Run | Yrd Mat Mat Mat Fac Turns Passed 4915 | 81 300 911 870 2753 Spaces Moved 2364 | 59 137 446 345 1377 Core 104 | 6 . . . 98 Treads 212 | . . . 39 173 Legs 1531 | 53 137 446 306 589 Wheels 372 | . . . . 372 Hover 134 | . . . . 134 Flight 11 | . . . . 11 Fastest Speed 50 | 50 120 120 120 80 Average Speed 139 | 117 120 120 129 151 Slowest Speed 400 | 120 120 120 250 400 Overloaded Moves . | . . . . . Propulsion Burnouts . | . . . . . Robots Hopped . | . . . . . Cave-ins Triggered . | . . . . . Exploration Rate (%) 23 | 4 31 28 29 25 Regions Visited 4 Branch Regions . Pre-discovered Areas . | . . . . . Known Exits Taken . | . . . . . Unknown Exits Taken 4 | 1 1 1 1 . Scrap Searched . | . . . . . Spaces Dug . | . . . . . Terrain Destroyed 3 | . . . 3 . Melee . | . . . . . Projectile 3 | . . . 3 . AOE . | . . . . . Terrain Rammed . | . . . . . Walls Destroyed . | . . . . . Machines Disabled . | . . . . . Actions | -11 -10 -9 -8 -7 --------- Run | Yrd Mat Mat Mat Fac Total 3459 | 68 211 745 692 1743 Wait 581 | 2 31 219 233 96 Move 2360 | 58 136 445 344 1377 Hop . | . . . . . Pick Up 37 | 2 3 5 10 17 Fast Attach 77 | 6 1 9 15 46 Attach 16 | . . 2 3 11 Detach 6 | . . . 3 3 Swap 25 | . 4 4 10 7 Drop 66 | . 1 11 25 29 Fire 271 | . 33 50 47 141 Melee 4 | . . . . 4 Ram . | . . . . . Kick 3 | . 2 . . 1 Crush 13 | . . . 2 11 Escape Stasis . | . . . . . Rewire . | . . . . . Trap . | . . . . . Miscellaneous . | . . . . . Route ------- -11/Scrapyard -10/Materials -9/Materials -8/Materials -7/Factory History --------- Turn | Location | Event 8 | -11/Scrapyard | Discovered new exit (range 15) 82 | -11/Scrapyard | Entered Materials 332 | -10/Materials | Discovered new exit (range 16) 382 | -10/Materials | Entered another Materials area 382 | -9/Materials | Evolved 2 slots: Propulsion x2 592 | -9/Materials | Build established: Scavenger-Mutant 1046 | -9/Materials | Discovered new exit (range 16) 1293 | -9/Materials | Entered another Materials area 1293 | -8/Materials | Evolved 2 slots: Utility x2 1439 | -8/Materials | Build established: Mutant 1894 | -8/Materials | Build established: Scavenger-Mutant 2018 | -8/Materials | Discovered new exit (range 16) 2067 | -8/Materials | Lost 4 parts (1p2n1u) 2163 | -8/Materials | Entered Factory 2163 | -7/Factory | Evolved 2 slots: Weapon x2 2458 | -7/Factory | Build established: Gunner 2537 | -7/Factory | System corruption reached 10% 2611 | -7/Factory | Lost 9 parts (1p1n3u4w) 3086 | -7/Factory | Build established: Scavenger-Gunner 3405 | -7/Factory | Build established: Gunner 3597 | -7/Factory | Fabricated Imp. Assault Rifle (x1) 3708 | -7/Factory | Build established: Scavenger-Gunner 3976 | -7/Factory | Lost 3 parts (1p1u1w) 3988 | -7/Factory | Destroyed 7 combat bots 4040 | -7/Factory | Core integrity fell below 50% 4563 | -7/Factory | First assault squad dispatched 4573 | -7/Factory | Garrison activated, responded to threat 4711 | -7/Factory | Lost 4 parts (2n1u1w) 4782 | -7/Factory | Core integrity fell below 20% 4821 | -7/Factory | Lost 6 parts (1n2u3w) 4911 | -7/Factory | Garrison activated, responded to threat 4916 | -7/Factory | Destroyed by G-47 Trooper with Particle Gun Last Messages --------------- 04901_ K-01 Serf collects debris. 04902_ T-07 Excavator destroyed. 04906_ K-01 Serf collects debris. 04908_ Destroyed Com. Battery. 04908_ I-36 Angel system corrupted by crushing effect. 04909_ K-01 Serf collects debris. 04910_ G-47 Trooper system corruption misinterpreted. 04910_ G-47 Trooper triggered Stasis Trap. 04910_ A bubble of rippling energy engulfs the area. 04910_ Field strength at 85. 04911_ I-36 Angel calls for garrison support. 04911_ ALERT: Activating Garrison Access F002. 04911_ Field strength at 70. 04912_ K-01 Serf collects debris. 04912_ Field strength at 55. 04913_ Field strength at 40. 04914_ System corrupted: Matter fused (-9). 04914_ Field strength at 25. 04915_ K-01 Serf collects debris. 04915_ Field strength at 10. Map ----- +----------------------------------------------------+ | #?????#?????????????????????????????? | | ????#??????????????????????????????? | | ???????????????????????????????????? | | ???????????????????????????????????? | | ??????? ???????????????????????????? | | #?????????"????????????????????????? | | #??????????????????????????????????? | | #??##??????????????????????????????? | | #??????????????????????????????????? | | ##???#???????######+#######????????? | | ############# #????????? | | / #????????? | | ############# #????????? | | ##????????#??# #????????? | | #????????????# #????????? | | #????????????# #???##??#? | | #?????"??????# ##?##????? | | #????????????# #?????#??? | | #????????????# ########## | | #????????? ??# ## # | | #????????????# ## # | | ###??????????# % ## # | | #######+##############+### # | | ! ^ =%! #=[ # | | * g i %!%=+ # | | %= ^ ==! @!g#=[ # | | #######+#########+#####k # # | | ####???????????# ! *%% # #![ # | | ???????????????# + # ! # | | ???????????????# ## # * # | | ???????????????# ## ##+###### | | ???#???????????# " " ** ## !* #?#??? | | ???????????????# "G" * * ## #???#? | | ????#??????????# """ *** ## ##???? | | ???????????????# ## #???#? | | ???????????????#################????? | | ?????????????????????#??????????????? | | ????????????????????????????#???????? | | ???????????????????????#????????????# | | | | | | | | | | | | | | | | | | | | | | | +----------------------------------------------------+ Best States ------------- Heat Dissipation 75 Coolant Potential 65 Energy Generation 16 Energy Capacity 290 Matter Stores 308 Matter Capacity 400 Sight Range 16 Terrain Scan Range 16 Terrain Scan Density 210 Armor Coverage 600 Weapon Shielding 66 Weapon Cycling 15 Evasion (%) 55 Targeting Accuracy 6 Target Analysis 5 Core Analysis 6 Recoil Reduction 2 Item Schematics ----------------- Imp. Assault Rifle | -9/Materials | Scanalyzed Imp. Datajack | -8/Materials | Scanalyzed Robot Schematics ------------------ None Fabricated ------------ Imp. Assault Rifle | x1 | -7/Factory Alien Tech Used ----------------- None Achievements -------------- None Challenges ------------ None Game ------ Seed GodClaymoresWings Manual? 0 Play Time 00:40:57 Cumulative 107.9 hours Start 2024.04.20 @ 16:53:14 End 2024.04.20 @ 20:44:28 Sessions 1 Manual Loads 0 Difficulty Rogue Special Mode None Game No. 223 Rogue 223 Adventurer 0 Explorer 0 Win Type - Total 0 Types 0/0/0/0/0/0/0/0/0 Lore% 32 Gallery% 51 Achievement% 35 Wizard Run 0 Options --------- Layout 0 ASCII 0 Keyboard 1 Movement Numpad Keybinds 0 Fullscreen 2 Font 18/X11 Map View 76x50 Zoom Use 0% Tactical HUD 1 Map Filters NONE Filters NONE Steam 1 RUN: 9214d975-0827-4c98-bdab-7b967b6c7465